 Dungeon Crawl Stone Soup version 0.32-a0-589-g2d1f746d5d (webtiles) character file.

Game seed: 17363900794923370088

137 Dirtsage the Chopper (level 5, 38/41 HPs)
             Began as a Demonspawn Berserker on Mar 2, 2024.
             Was a Follower of Trog.
             Quit the game on level 2 of the Dungeon.
             The game lasted 00:02:00 (1241 turns).

Dirtsage the Chopper (Demonspawn Berserker)         Turns: 1241, Time: 00:02:01

Health: 38/41      AC:  6    Str: 19    XL:     5   Next: 0%
Magic:  5/5        EV: 10    Int:  8    God:    Trog [*.....]
Gold:   83         SH:  0    Dex: 12    Spells: 4/4 levels left

rFire   . . .        a - +0 hand axe
rCold   . . .        (no shield)
rNeg    . . .        d - +0 scale mail
rPois   .            (no helmet)
rElec   .            (no cloak)
rCorr   .            (no gloves)
SInv    .            (no boots)
Will    .....        (no amulet) Stlth
                     j - ring of flight
HPRegen 0.26/turn    (no ring)
MPRegen 0.09/turn

%: no passive effects
@: on berserk cooldown, flying
A: foul stench 1, powered by pain 1, weakness stinger 1
a: Renounce Religion, Berserk


You were on level 2 of the Dungeon.
You worshipped Trog.
Trog was aware of your devotion.
You visited 1 branch of the dungeon, and saw 2 of its levels.

You collected 83 gold pieces.

Inventory:

Hand Weapons
 a - a +0 hand axe (weapon)
Armour
 b - a +0 animal skin
 d - a +0 scale mail (worn)
Jewellery
 j - a ring of flight (left hand)
Scrolls
 c - a scroll of enchant weapon {unknown}
 e - a scroll of amnesia {unknown}
 f - 2 scrolls of teleportation {unknown}
 g - a scroll of noise {unknown}
 i - 3 scrolls of identify {unknown}
Potions
 h - a potion of heal wounds {unknown}
 k - a potion of resistance {unknown}
 l - 2 potions of enlightenment {unknown}
 m - a potion of brilliance {unknown}


   Skills:
 - Level 3.0 Fighting
 + Level 5.2 Axes
 - Level 1.7 Armour
 - Level 1.7 Dodging


You had 4 spell levels left.
You didn't know any spells.
Your spell library contained the following spells:

 Spells                   Type           Power      Damage    Failure   Level
 Volatile Blastmotes      Fire/Tloc      0%         2d10      99%         3
 Fulminant Prism          Conj/Alch      0%         3d5       100%        4
 Iskenderun's Mystic Bla  Conj/Tloc      0%         2d3       100%        4


Dungeon Overview and Level Annotations

Branches:
Dungeon (2/15)

Altars:


Innate Abilities, Weirdness & Mutations

You may rarely emit foul miasma when damaged in melee.
You sometimes gain a little power by taking damage.
You have a small tail.


Message History

The black bear is moderately wounded.
The black bear barely misses you.
The black bear claws you but does no damage.
The black bear completely misses you.
You slash the black bear!
The black bear is severely wounded.
The black bear completely misses you. The black bear misses you.
The black bear claws you but does no damage.
You hit the black bear.
The black bear is severely wounded.
You slash the black bear!
The black bear is almost dead.
The black bear goes berserk!
You hit the black bear.
You kill the black bear!
Trog accepts your kill.
Your Axes skill increases to level 5!
You have reached level 4!
You feel clever.
You have reached level 5!
Your demonic ancestry asserts itself...
You feel energised by your suffering.
You regained 12 hp, and now have 40/61 hp.
MP restored: 5 You start resting.
You feel a strong urge to attack something.
You start resting.
You are no longer berserk.
You are exhausted.
You feel yourself slow down.
You now have 27/41 hp.
You start resting.
You feel yourself speed up.
You regained 11 hp, and now have 38/41 hp.
Are you sure you want to abandon this character and quit the game? (Confirm with "yes".)
Okay, then.
Unknown command.
Unknown command.
Unknown command.
Are you sure you want to abandon this character and quit the game? (Confirm with "yes".)

.......#
#########........#
.......#
.....................#
########
......................#
.....................>.
.....................##
.....................#
.............########
..............#
......†@......#
..............#
..............#
.........:....#
..............#
#####..##+###.# #....
#.# #.### .# #. .#


There were no monsters in sight!

Vanquished Creatures
  A black bear (D:2)
  2 adders (D:2)
  5 ball pythons (D:1)
  A bat (D:2)
  2 endoplasms (D:1)
  3 goblins
  2 hobgoblins (D:1)
  3 jackals (D:1)
  A quokka (D:1)
  3 kobolds (D:1)
23 creatures vanquished.

Notes
Turn   | Place    | Note
-------+----------+-------------------------------------------
     0 | D:1      | Dirtsage the Demonspawn Berserker began the quest for the
                  | Orb.
     0 | D:1      | Reached XP level 1. HP: 18/18 MP: 1/1
    29 | D:1      | Reached skill level 3 in Axes
    35 | D:1      | Found a faded altar of an unknown god.
   142 | D:1      | Gained mutation: You have a small tail. [demonic ancestry]
   142 | D:1      | Reached XP level 2. HP: 20/24 MP: 2/2
   182 | D:1      | You fall into a shaft and drop 1 floor!
  1043 | D:2      | Gained mutation: You may rarely emit foul miasma when
                  | damaged in melee. [demonic ancestry]
  1043 | D:2      | Reached XP level 3. HP: 22/29 MP: 3/3
  1087 | D:2      | Reached skill level 4 in Axes
  1196 | D:2      | Noticed a black bear
  1209 | D:2      | Killed a black bear
  1210 | D:2      | Reached skill level 5 in Axes
  1210 | D:2      | Reached XP level 4. HP: 34/35 MP: 4/4
  1210 | D:2      | Gained mutation: You sometimes gain a little power by
                  | taking damage. [demonic ancestry]
  1210 | D:2      | Reached XP level 5. HP: 40/41 MP: 5/5
  1241 | D:2      | Quit the game

Illustrated notes

Levels and vault maps discovered:
D:1:      lightli_iron_boxes, layout_basic, shapermc_ecumenical_altar_ellora,
          kennysheep_boxes
D:2:      layout_basic, guppyfry_early_lair_pool, uniq_terence

Skill      XL: |  1  2  3 |
---------------+----------+-----
Axes           | 3 5 |  5.2
Fighting       | |  3.0
Armour         | |  1.7
Dodging        | |  1.7

Action                     |  1- 3 |  4- 6 || total
---------------------------+-------+-------++-------
  Melee: Hand axe          |    59 |       ||    59
         Tailslap          |     6 |       ||     6
 Invoke: Berserk           |     1 |       ||     1
 Armour: Animal skin       |     9 |       ||     9
         Scale mail        |    29 |       ||    29
  Dodge: Dodged            |    40 |       ||    40

Table legend: (Time is in decaauts)
 A = Elapsed time spent in this place.
 B = Non-inter-level travel time spent in this place.
 C = Inter-level travel time spent in this place.
 D = Time resting spent in this place.
 E = Time spent auto-exploring this place.
 F = Levels seen in this place.
 G = Mean time per level.
                   A        B        C        D        E       F      G
               +--------+--------+--------+--------+--------+-----+--------+
         Total |   1270 |   1249 |     21 |     43 |   1037 |   2 |  635.0 |
       Dungeon |   1270 |   1249 |     21 |     43 |   1037 |   2 |  635.0 |
               +--------+--------+--------+--------+--------+-----+--------+

Top non-repeatable levels by time:
     D:1: 914 daAuts
     D:2: 355 daAuts
